 Dungeon Crawl Stone Soup version 0.28.0-43-g3370ac3207 (webtiles) character file.

Game seed: 1785496592955390206

28 silky the Chopper (level 3, 0/35 HPs)
             Began as a Gnoll Chaos Knight on Mar 30, 2022.
             Was a Plaything of Xom.
             Slain by a guardian serpent (shapeshifter) (4 damage)
             ... on level 1 of the Dungeon.
             The game lasted 00:03:07 (805 turns).

silky the Chopper (Gnoll Chaos Knight)               Turns: 805, Time: 00:03:07

Health: 0/35       AC:  5    Str: 13    XL:     3   Next: 12%
Magic:  3/3        EV: 12    Int: 11    God:    Xom [..*...]
Gold:   12         SH:  0    Dex: 11    Spells: 3/3 levels left

rFire   . . .      SeeInvis .   a - +0 hand axe (chaos)
rCold   . . .      Faith    .   (no shield)
rNeg    . . .      Spirit   .   b - +2 leather armour
rPois   .          Reflect  .   (no helmet)
rElec   .          Harm     .   (no cloak)
rCorr   .          Rampage  .   (no gloves)
Will    .....                   (no boots)
Stlth   +.........              (no amulet)
HPRegen 0.11/turn               (no ring)
MPRegen 0.08/turn               (no ring)

@: invisible
A: fangs 1, strong nose, distributed training
a: Renounce Religion


You were on level 1 of the Dungeon.
You worshipped Xom.
You were a toy of Xom.
You visited 1 branch of the dungeon, and saw 1 of its levels.

You collected 12 gold pieces.

Inventory:

Hand Weapons
 a - a +0 hand axe of chaos (weapon)
Armour
 b - a +2 leather armour (worn)
Scrolls
 d - 2 scrolls of identify {unknown}
 e - a scroll of teleportation {unknown}
Potions
 f - a potion of curing {unknown}
 g - a potion of heal wounds {unknown}


   Skills:
 + Level 6.5 Fighting
 + Level 0.6 Short Blades
 + Level 0.6 Long Blades
 + Level 6.5 Axes
 + Level 0.6 Maces & Flails
 + Level 0.6 Polearms
 + Level 0.6 Staves
 + Level 0.6 Slings
 + Level 0.6 Bows
 + Level 0.6 Crossbows
 + Level 0.6 Throwing
 + Level 4.5 Armour
 + Level 2.5 Dodging
 + Level 0.6 Stealth
 + Level 0.6 Shields
 + Level 0.6 Unarmed Combat
 + Level 0.6 Spellcasting
 + Level 0.4 Conjurations
 + Level 0.4 Hexes
 + Level 0.4 Summonings
 + Level 0.4 Necromancy
 + Level 0.4 Translocations
 + Level 0.4 Transmutations
 + Level 0.4 Fire Magic
 + Level 0.4 Ice Magic
 + Level 0.4 Air Magic
 + Level 0.4 Earth Magic
 + Level 0.4 Poison Magic
 + Level 0.8 Invocations
 + Level 0.6 Evocations


You had 3 spell levels left.
You didn't know any spells.
Your spell library was empty.

Dungeon Overview and Level Annotations

Branches:
Dungeon (1/15)

Altars:


Innate Abilities, Weirdness & Mutations

You have very sharp teeth.
Your uncanny sense of smell can sniff out nearby items.
Your experience applies equally to all skills.


Message History

Item here: a giant cockroach corpse.
The floor.
Unknown command.
You closely miss the guardian serpent.
The guardian serpent hits you but does no damage.
The guardian serpent barely misses you.
You slash the guardian serpent!
You feel better.
The guardian serpent is lightly wounded.
The guardian serpent hits you but does no damage.
You closely miss the guardian serpent.
The guardian serpent is lightly wounded.
The guardian serpent hits you.
The guardian serpent completely misses you.
You hit the guardian serpent. Your bite misses the guardian serpent.
The guardian serpent is moderately wounded.
The guardian serpent closely misses you.
You barely miss the guardian serpent. You bite the guardian serpent.
The guardian serpent is moderately wounded.
The guardian serpent hits you. The guardian serpent hits you!
* * * LOW HITPOINT WARNING * * *
You swap places.
The guardian serpent closely misses your butterfly.
Xom smiles on you.
You fade into invisibility!
The guardian serpent closely misses your butterfly.
The guardian serpent misses your butterfly.
You swap places.
The guardian serpent closely misses your butterfly.
The guardian serpent hits your butterfly!!
Your butterfly dies!
Your butterfly disappears in a puff of smoke!
The guardian serpent hits your butterfly!
Your butterfly dies!
Your butterfly disappears in a puff of smoke!
Okay, then.
As you read the scroll labelled NOVI VENOFF, it crumbles to dust.
It is a scroll of amnesia.
You feel forgetful for a moment. The guardian serpent hits you.
You die...
Xom laughs nastily!

############
.....†bS.S.#
##########§# #
#.# # #.########
########
#.....S@.#
.......#
########.#
######.## #.#
.(......# #.#
######..# #.#
#..# #.#
#..#########.#
#.........##.###
#..######......#


You could see a guardian serpent shaped shifter.

Vanquished Creatures
  5 ball pythons (D:1)
  7 endoplasms (D:1)
  2 giant cockroaches (D:1)
  A goblin (D:1)
  A hobgoblin (D:1)
  4 kobolds (D:1)
  5 rats (D:1)
25 creatures vanquished.

Notes
Turn   | Place    | Note
-------+----------+-------------------------------------------
     0 | D:1      | silky the Gnoll Chaos Knight began the quest for the Orb.
     0 | D:1      | Reached XP level 1. HP: 23/23 MP: 1/1
    62 | D:1      | Reached XP level 2. HP: 16/29 MP: 2/2
   322 | D:1      | XOM: silly message
   602 | D:1      | XOM: silly message
   608 | D:1      | Reached XP level 3. HP: 33/35 MP: 3/3
   786 | D:1      | Noticed a shapeshifter
   786 | D:1      | an endoplasm changed into a shapeshifter
   786 | D:1      | Noticed a guardian serpent
   786 | D:1      | a shapeshifter changed into a guardian serpent
   787 | D:1      | XOM: divination: magic mapping
   787 | D:1      | XOM: butterfly on damage
   794 | D:1      | XOM: potion effect (invisibility)
   805 | D:1      | Slain by a guardian serpent (shapeshifter)

Illustrated notes

Levels and vault maps discovered:
D:1:      onia_arrival_handbag, layout_loops_ring

Action                   || total
-------------------------++-------
Melee: Hand axe          ||    56
       Bite              ||     3
  Use: Scroll            ||     1
 Stab: Distracted        ||     1
Armor: Leather armour    ||    13
Dodge: Dodged            ||    31
